 Dungeon Crawl Stone Soup version 0.31-a0-924-ge39a22a033 (webtiles) character file.

Game seed: 16875048629847631325

403 BinkBink the Trooper (level 6, -10/48 HPs)
             Began as a Demonspawn Hunter on Oct 18, 2023.
             Mangled by an ogre
             ... wielding a +0 giant spiked club
              (22 damage)
             ... on level 4 of the Dungeon.
             The game lasted 00:06:41 (3467 turns).

BinkBink the Trooper (Demonspawn Hunter)            Turns: 3467, Time: 00:06:42

Health: -10/48     AC:  6    Str: 11    XL:     6   Next: 55%
Magic:  6/6        EV:  8    Int: 10    God:
Gold:   197        SH: 13    Dex: 19    Spells: 5/5 levels left

rFire   . . .        k - +0 falchion
rCold   . . .        j - +0 tower shield
rNeg    . . .        c - +0 leather armour
rPois   .            (no helmet)
rElec   .            (no cloak)
rCorr   .            (no gloves)
SInv    .            (no boots)
Will    .....        (no amulet)
Stlth   ++           (no ring)
HPRegen 0.28/turn    (no ring)
MPRegen 0.10/turn

%: no passive effects
@: no status effects
A: slimy green scales 2, demonic guardian 1, demonic magic 1
a: no special abilities


You were on level 4 of the Dungeon.
You visited 1 branch of the dungeon, and saw 4 of its levels.

You collected 197 gold pieces.

Inventory:

Hand Weapons
 a - a +0 shortbow
 b - a +2 dagger of venom
 k - a +0 falchion (weapon)
Armour
 c - a +0 leather armour (worn)
 j - a +0 tower shield (worn)
Wands
 s - a wand of mindburst (23)
 v - a wand of digging (2)
Scrolls
 d - a scroll of enchant armour {unknown}
 e - a scroll of revelation {unknown}
 g - 2 scrolls of teleportation {unknown}
 h - 2 scrolls of identify {unknown}
 i - 3 scrolls of fear {unknown}
 l - 2 scrolls of torment {unknown}
 n - a scroll of brand weapon {unknown}
 t - 2 scrolls of immolation {unknown}
 u - a scroll of silence {unknown}
Potions
 f - a potion of curing
 m - a potion of mutation {unknown}
 o - 3 potions of berserk rage {unknown}
 p - a potion of magic {unknown}
 q - a potion of brilliance {unknown}
 r - 2 potions of degeneration {unknown}
 w - a potion of lignification {unknown}


   Skills:
 + Level 4.1 Fighting
 - Level 0.8(1.8) Short Blades
 + Level 2.5(2.6) Long Blades
 - Level 3.6 Ranged Weapons
 + Level 3.7 Dodging
 - Level 0.8 Stealth
 + Level 2.2 Shields


You had 5 spell levels left.
You didn't know any spells.
Your spell library contained the following spells:

 Spells                   Type           Power      Damage    Failure   Level
 Summon Guardian Golem    Hex/Summ       0%         N/A       100%        3
 Orb of Destruction       Conj           0%         9d5       100%        7
 Spellforged Servitor     Conj/Summ      0%         N/A       100%        7


Dungeon Overview and Level Annotations

Branches:
Dungeon (4/15)
 Temple: D:4-7

Altars:


Innate Abilities, Weirdness & Mutations

You are mostly covered in slimy green scales. (AC +3)
A weak demonic guardian rushes to your aid.
Spells you cast may paralyse adjacent enemies.


Message History

The orc is almost dead.
The orc barely misses you. The orc hits you with a +0 club.
You hit the orc.
You kill the orc!
No target in view!
You open the door.
There is an open door here.
You now have 185 gold pieces (gained 8).
You now have 197 gold pieces (gained 12).
h - 2 scrolls labelled DAGOEX ZIPUSCH (gained 1)
You open the door.
There is an open door here.
An ogre is nearby!
An ogre is nearby!
The ogre shouts!
You hit the ogre.
The ogre is moderately wounded.
The ogre hits you with a +0 giant spiked club!!
A demonic guardian appears!
You hit the ogre.
The ogre is moderately wounded.
You block the ogre's attack.
You swap places.
Your shadow imp hits the ogre.
The ogre barely misses your shadow imp.
Your shadow imp hits the ogre.
The ogre hits your shadow imp with a +0 giant spiked club!
Your shadow imp dies!
Your shadow imp disappears in a puff of smoke!
You hit the ogre but do no damage.
The ogre is severely wounded.
You block the ogre's attack.
You hit the ogre.
The ogre is severely wounded.
The ogre barely misses you.
The ogre hits you with a +0 giant spiked club!!
* * * LOW HITPOINT WARNING * * *
You hit the ogre.
The ogre is almost dead.
The ogre hits you with a +0 giant spiked club!!
You die...

....# #.....# #.#.#.###.#.....###
....# #.....###.#.......###......
....# #.......#.###'##### #.#####
....# #..............# #.....#
....# #......###.....### #..##.#
....# #.....## #.......####..##.#
....###.....####.....#..#.......#
.....................##...###.###
†..........####.@....####.###.# #
..........## #.O....# #.....###
#####.....# #.###### ##.......
#.##### #.# #...>... #.#
#.####### #...#... #.# #.......#
#...#... #.. #######.# #...#...
### #####... #...


You could see an ogre.

Vanquished Creatures
  2 scorpions
  A howler monkey (D:4)
  A hound (D:3)
  A sleepcap (D:4)
  5 adders
  2 dart slugs (D:1)
  5 orcs
  6 ball pythons
  10 bats
  7 endoplasms
  A giant cockroach (D:4)
  11 goblins
  11 hobgoblins
  2 jackals (D:1)
  3 quokkas
  5 frilled lizards
  5 kobolds
  5 rats
83 creatures vanquished.

Vanquished Creatures (collateral kills)
  A howler monkey (D:3)
  An orc (D:3)
  2 ball pythons
  A bat (D:1)
  3 endoplasms (D:2)
  2 giant cockroaches (D:3)
  A goblin (D:1)
  A frilled lizard (D:2)
  2 kobolds
  A rat (D:1)
15 creatures vanquished.

Grand Total: 98 creatures vanquished

Notes
Turn   | Place    | Note
-------+----------+-------------------------------------------
     0 | D:1      | BinkBink the Demonspawn Hunter began the quest for the Orb.
     0 | D:1      | Reached XP level 1. HP: 16/16 MP: 1/1
    82 | D:1      | Gained mutation: A weak demonic guardian rushes to your
                  | aid. [demonic ancestry]
    82 | D:1      | Reached XP level 2. HP: 23/23 MP: 2/2
   360 | D:1      | Found a faded altar of an unknown god.
   594 | D:1      | Reached XP level 3. HP: 25/28 MP: 3/3
  1031 | D:2      | Noticed a scorpion
  1130 | D:2      | Reached skill level 3 in Fighting
  1304 | D:2      | Gained mutation: You are partially covered in slimy green
                  | scales. (AC +2) [demonic ancestry]
  1304 | D:2      | Reached XP level 4. HP: 35/35 MP: 4/4
  1524 | D:2      | Killed a scorpion
  1525 | D:2      | Reached skill level 1 in Long Blades
  1525 | D:2      | Reached skill level 1 in Shields
  1758 | D:3      | Gained mutation: Spells you cast may paralyse adjacent
                  | enemies. [demonic ancestry]
  1758 | D:3      | Reached XP level 5. HP: 41/41 MP: 5/5
  2465 | D:3      | You fall into a shaft and drop 1 floor!
  2568 | D:4      | Noticed an ogre
  2592 | D:4      | Reached skill level 4 in Fighting
  2592 | D:4      | Gained mutation: You are mostly covered in slimy green
                  | scales. (AC +3) [demonic ancestry]
  2592 | D:4      | Reached XP level 6. HP: 18/48 MP: 6/6
  3467 | D:4      | Mangled by an ogre

Illustrated notes

Levels and vault maps discovered:
D:1:      tarquinn_simple_flora_water_b, layout_loops_ring,
          shapermc_ecumenical_altar_flowoftime, palyth_stone_intersect,
          st_stairs_6
D:2:      cheibrodos_greedy_goblins, layout_rooms, st_stairs_14,
          minmay_tromino_v4_a
D:3:      layout_loops_ring, minmay_surrounded
D:4:      layout_basic

Skill      XL: |  1  2  3  4  5  6 |
---------------+-------------------+-----
Dodging        | 2 3 |  3.7
Fighting       | 3 4 |  4.1
Long Blades    | 1 2 |  2.5
Shields        | 1 2 |  2.2
Short Blades   | |  0.8
Ranged Weapons | |  3.6
Stealth        | |  0.8

Action                     |  1- 3 |  4- 6 || total
---------------------------+-------+-------++-------
  Melee: Rapier            |    93 |       ||    93
         Dagger            |    30 |       ||    30
         Short sword       |     4 |       ||     4
         Punch             |     1 |       ||     1
         Falchion          |    11 |   201 ||   212
   Fire: Shortbow          |    17 |       ||    17
    Use: Potion            |       |     3 ||     3
         Scroll            |       |     1 ||     1
   Stab: Sleeping          |     4 |       ||     4
         Distracted        |       |     1 ||     1
 Armour: Leather armour    |    73 |   143 ||   216
  Dodge: Dodged            |    97 |    61 ||   158
  Block: Tower shield      |     9 |   202 ||   211

Table legend: (Time is in decaauts)
 A = Elapsed time spent in this place.
 B = Non-inter-level travel time spent in this place.
 C = Inter-level travel time spent in this place.
 D = Time resting spent in this place.
 E = Time spent auto-exploring this place.
 F = Levels seen in this place.
 G = Mean time per level.
                   A        B        C        D        E       F      G
               +--------+--------+--------+--------+--------+-----+--------+
         Total |   3639 |   3564 |     75 |    418 |   2001 |   4 |  909.8 |
       Dungeon |   3639 |   3564 |     75 |    418 |   2001 |   4 |  909.8 |
               +--------+--------+--------+--------+--------+-----+--------+

Top non-repeatable levels by time:
     D:3: 1161 daAuts
     D:1: 1009 daAuts
     D:2: 800 daAuts
     D:4: 668 daAuts
